 Dungeon Crawl Stone Soup version 0.29.1-1-gd02db6906a (webtiles) character file.

Game seed: 9110187883227780331

45 xian the Covered (level 3, -8/29 HPs)
             Began as a Human Fighter on Oct 15, 2022.
             Mangled by a mummy (13 damage)
             ... on level 3 of the Dungeon.
             The game lasted 00:04:12 (1350 turns).

xian the Covered (Human Fighter)                    Turns: 1350, Time: 00:04:12

Health: -8/29      AC: 17    Str: 18    XL:     3   Next: 90%
Magic:  3/3        EV:  1    Int:  8    God:
Gold:   86         SH:  0    Dex: 12    Spells: 2/2 levels left

rFire   + . .      SeeInvis .   a - +0 war axe
rCold   + . .      Faith    .   c - +0 buckler
rNeg    . . .      Spirit   .   f - +0 gold dragon scales
rPois   +          Reflect  .   (helmet restricted)
rElec   .          Harm     .   j - +2 cloak
rCorr   .          Rampage  .   (no gloves)
Will    .....                   (no boots)
Stlth   ..........              (no amulet)
HPRegen 0.89/turn               (no ring)
MPRegen 0.08/turn               (no ring)

@: confused, flying
A: beak, regeneration 1
a: no special abilities


You were on level 3 of the Dungeon.
You visited 1 branch of the dungeon, and saw 3 of its levels.

You collected 86 gold pieces.

Inventory:

Hand Weapons
 a - a +0 war axe (weapon)
Missiles
 k - 11 stones (quivered)
 q - a throwing net
Armour
 b - a +0 scale mail
 c - a +0 buckler (worn)
 f - +0 gold dragon scales (worn)
 j - a +2 cloak (worn)
Jewellery
 o - a ring of fire
Scrolls
 e - 3 scrolls of identify {unknown}
 i - 2 scrolls of butterflies {unknown}
 m - a scroll of poison {unknown}
 p - a scroll of blinking {unknown}
 r - a scroll of enchant weapon {unknown}
 s - a scroll of fear {unknown}
Potions
 d - 2 potions of might
 l - a potion of curing {unknown}
 n - a potion of ambrosia {unknown}


   Skills:
 + Level 3.3 Fighting
 + Level 2.7 Axes
 + Level 3.5 Armour
 + Level 3.2 Shields


You had 2 spell levels left.
You didn't know any spells.
Your spell library contained the following spells:

 Spells                   Type           Power      Damage    Failure   Level
 Static Discharge         Conj/Air       0%         3-3/arc   100%        2
 Lightning Bolt           Conj/Air       0%         1d11      100%        5
 Maxwell's Capacitive Co  Air            0%         ∞         100%        8


Dungeon Overview and Level Annotations

Branches:
Dungeon (3/15)

Altars:
Cheibriados

Shops:
D:2 [

Annotations:
D:3 Sigmund


Innate Abilities, Weirdness & Mutations

You have a beak for a mouth.
Your natural rate of healing is unusually fast.


Message History

You barely miss the mummy.
The mummy is moderately damaged.
You barely miss the bat.
The kobold shouts!
The bat hits you but does no damage. The bat barely misses you.
You block the bat's attack. The mummy hits you.
Something hits you but does no damage.
The hobgoblin shouts!
You hit the bat.
The bat is heavily wounded.
You hit the mummy. The bat hits you but does no damage.
You block the bat's attack. The mummy hits you but does no damage.
Unknown command.
You closely miss the bat.
The bat is heavily wounded.
You barely miss the mummy. The bat hits you but does no damage.
The bat barely misses you. Something hits you. The mummy hits you.
Unknown command.
The bat hits you but does no damage.
The kobold throws a stone.
The stone hits you but does no damage. The bat hits you but does no damage.
You block the bat's attack.
You hear some strange, mumbled words.
You are confused.
The bat hits you but does no damage.
You hit the bat.
The bat is heavily wounded.
The bat hits you but does no damage.
A puff of flame appears from out of thin air!
The puff of flame hits you. You resist.
* * * LOW HITPOINT WARNING * * *
It was a potion of flight.
You feel very buoyant.
You fly up into the air.
The bat hits you but does no damage.
It was a potion of mutation.
You feel extremely strange.
You begin to heal more quickly.
Your mouth lengthens and hardens into a beak!
The bat hits you but does no damage. Something hits you but does no damage.
The mummy hits you!
You die...

#...........#
##........#.#
##........#.#
#...........###
#............)#
#.............###
####....†.......#######.
#........b...........
#......#...@Mg#......
#.....##<.###.....##
########### #.....#
#.....# .........
.......... ....._.....
............
.............


You could see a mummy, a hobgoblin and a bat.

Vanquished Creatures
  2 worms (D:3)
  A dart slug (D:1)
  9 bats
  2 endoplasms (D:1)
  A giant cockroach (D:1)
  6 goblins
  3 hobgoblins
  3 kobolds (D:1)
  A quokka (D:2)
  3 ball pythons
  A rat (D:1)
32 creatures vanquished.

Notes
Turn   | Place    | Note
-------+----------+-------------------------------------------
     0 | D:1      | xian the Human Fighter began the quest for the Orb.
     0 | D:1      | Reached XP level 1. HP: 18/18 MP: 1/1
    62 | D:1      | Reached XP level 2. HP: 24/24 MP: 2/2
   210 | D:1      | Reached XP level 3. HP: 21/29 MP: 3/3
  1212 | D:2      | Found Cuvue's Armour Boutique.
  1335 | D:3      | Found a snail-covered altar of Cheibriados.
  1337 | D:3      | Noticed Sigmund
  1350 | D:3      | Gained mutation: Your natural rate of healing is unusually
                  | fast. [potion of mutation]
  1350 | D:3      | Gained mutation: You have a beak for a mouth. [potion of
                  | mutation]
  1350 | D:3      | Mangled by a mummy

Illustrated notes

Levels and vault maps discovered:
D:1:      amcnicky_arrival_feature_with_door, layout_rooms,
          minmay_misc_feat_plants, minmay_tetromino_s2
D:2:      layout_basic, serial_shops, nicolae_shop_trees, minivault_23,
          grunt_decor_one_mirror
D:3:      layout_rooms, slow_altar_1, grunt_qazlal_sundering,
          gammafunk_ghost_grave, dilly_ecumenical_altar_fadedgnrine,
          grunt_decor_junction, dk_noncrumbling_2, uniq_sigmund, uniq_grinder,
          uniq_ijyb

Action                   || total
-------------------------++-------
Melee: War axe           ||    76
Throw: Stone             ||     4
  Use: Potion            ||     2
Armor: Gold dragon scale ||    87
Dodge: Dodged            ||     5
Block: Buckler           ||    16
